 Dungeon Crawl Stone Soup version 0.28.0 (webtiles) character file.

Game seed: 3668618288432078038

412 ProzacElf the Slasher (level 6, -17/50 HPs)
             Began as a Palentonga Fighter on Feb 6, 2022.
             Was a Believer of Trog.
             Demolished by an ogre (18 damage)
             ... on level 4 of the Dungeon.
             The game lasted 00:09:20 (3713 turns).

ProzacElf the Slasher (Palentonga Fighter)          Turns: 3713, Time: 00:09:20

Health: -17/50     AC: 15    Str: 19    XL:     6   Next: 59%
Magic:  6/6        EV:  5    Int:  8    God:    Trog [**....]
Gold:   217        SH:  4    Dex: 12    Spells: 4/5 levels left

rFire   . . .      SeeInvis +   b - +2 dagger (venom)
rCold   . . .      Faith    .   c - +0 buckler
rNeg    . . .      Spirit   .   p - +0 chain mail
rPois   .          Reflect  .   (no helmet)
rElec   .          Harm     .   u - +2 cloak
rCorr   .          Rampage  .   (no gloves)
Will    .....                   (no barding)
Stlth   ..........              (no amulet)
HPRegen 0.16/turn               r - +4 ring of protection
MPRegen 0.10/turn               (no ring)

@: no status effects
A: large, rugged brown scales 3, see invisible, deformed body, roll 1, armoured
tail
a: Rolling Charge, Renounce Religion, Berserk, Trog's Hand


You were on level 4 of the Dungeon.
You worshipped Trog.
Trog was pleased with you.
You visited 1 branch of the dungeon, and saw 4 of its levels.

You collected 217 gold pieces.

Inventory:

Hand Weapons
 a - a +0 long sword
 b - a +2 dagger of venom (weapon)
 s - a +2 whip of electrocution
 t - a +2 quarterstaff of chaos
Missiles
 g - 7 javelins
 h - 11 bolts
 i - 88 arrows
 j - 34 sling bullets
 m - 10 boomerangs
Armour
 c - a +0 buckler (worn)
 e - a +0 scale mail
 p - a +0 chain mail (worn)
 u - a +2 cloak (worn)
Magical Staves
 w - a staff of air
Jewellery
 l - a ring of fire
 r - a +4 ring of protection (left hand)
 y - a +6 ring of intelligence
Wands
 E - a wand of digging (3)
Scrolls
 k - 3 scrolls of identify {unknown}
 o - 4 scrolls of teleportation {unknown}
 z - a scroll of blinking {unknown}
 B - a scroll of torment {unknown}
 C - a scroll of vulnerability {unknown}
 D - a scroll of magic mapping {unknown}
 G - a scroll of enchant weapon {unknown}
Potions
 d - a potion of might
 f - 2 potions of flight {unknown}
 n - a potion of curing {unknown}
 q - a potion of magic {unknown}
 v - a potion of invisibility {unknown}
 x - a potion of mutation {unknown}
 A - a potion of resistance {unknown}
 F - a potion of attraction {unknown}
 H - a potion of brilliance {unknown}


   Skills:
 - Level 3.0 Fighting
 - Level 5.0 Long Blades
 - Level 3.0 Armour
 + Level 1.7 Dodging
 - Level 2.0 Stealth
 - Level 2.4 Shields
 + Level 1.9 Evocations


You had 4 spell levels left.
You knew the following spells:

 Your Spells              Type           Power      Damage    Failure   Level
p - Apportation           Tloc           0%         N/A       100%        1

Your spell library contained the following spells:

 Spells                   Type           Power      Damage    Failure   Level
 Animate Skeleton         Necr           0%         N/A       100%        1
 Summon Small Mammal      Summ           0%         N/A       100%        1
 Ensorcelled Hibernation  Hex/Ice        0%         N/A       100%        2
 Passwall                 Tmut/Erth      0%         N/A       100%        2
 Sublimation of Blood     Necr           0%         N/A       100%        2
 Swiftness                Air            0%         N/A       100%        3
 Petrify                  Tmut/Erth      0%         N/A       100%        4
 Irradiate                Conj/Tmut      0%         3d13      100%        5


Dungeon Overview and Level Annotations

Branches:
Dungeon (4/15)
 Temple: D:4-7

Altars:
Trog


Innate Abilities, Weirdness & Mutations

You are completely covered in rugged brown scales. (AC +3, +7% HP)
You have supernaturally acute eyesight. (SInv)
Armour fits poorly on your strangely shaped body.
You can roll at nearby foes to attack.
You have a long armoured tail.


Message History

Tha hobgoblin be heavily wounded.
Ye kill tha hobgoblin!
Trog accepts yer kill.
Nay target in view!
Ye see 'ere a hobgoblin corpse.
Thar be an 'scape hatch in tha ceilin' 'ere.
Ye see 'ere a +0 rin' mail.
Ye see 'ere a book o' Dreams.
An ogre comes inta view.
It be wieldin' a +0 giant club.
Tha ogre shouts!
Ye hear a shout!
An orc comes inta view.
It be wieldin' a +0 dagger.
Tha orc shouts!
Ye barely miss tha ogre.
Yer tail-slap misses tha ogre.
Ye closely miss tha ogre.
Tha ogre hits ye wit' a +0 giant club!
Ye take 13 damage, an' haf 37/50 hp.
MASSIVE DAMAGE!!
Ye hit tha ogre.
Tha ogre be poison'd.
Tha ogre be lightly wounded.
Tha orc hits ye but does nay damage.
Tha ogre hits ye wit' a +0 giant club!!
Ye take 21 damage, an' haf 16/50 hp.
MASSIVE DAMAGE!!
Ye be too injured ta fight recklessly!
Ye hit tha orc.
Tha orc be poison'd.
Tha orc be heavily wounded.
Ye block tha orc's attack.
Ye barely miss tha orc.
Tha orc be severely wounded.
Tha orc hits ye wit' a +0 dagger.
Ye take 1 damage, an' haf 16/50 hp.
Ye barely miss tha orc.
Tha orc be severely wounded.
Tha orc hits ye but does nay damage.
Ye hit tha orc.
Ye kill tha orc!
Trog accepts yer kill.
Ye hit tha ogre.
Ye tail-slap tha ogre!
Tha ogre be almost dead.
Tha ogre hits ye wit' a +0 giant club!
* * * LOW HITPOINT WARNIN'
* * * Ye take 15 damage, an' haf 1/50 hp.
MASSIVE DAMAGE!!
Tha ogre hits ye wit' a +0 giant club!!
Ye die...

....###...<(.^.........>..####
#. ..<.....####.####.######..##
#. ###.###.##...# ##.# ###...#
#. # #.#......#####..# ##.[.#.#
#. # #.#......#.....##
#..###.## #. #
#.#........########.####..#####
# #.#......### ##..:##......# #
#.#......# ####..####......#
#.#......# #.@..## #......#
#......# #O#### #......###
###.#### #.# #......#..
#......# ####......#.# #......#
#.....#####.# ........#
##.#########.. ##......#
#..###........ #......#
##...........##
##########...........###


You could see an ogre (poisoned).

Vanquished Creatures
  A centaur (D:3)
  A scorpion (D:4)
  Crazy Yiuf (D:2)
  Jessica (D:2)
  An iguana (D:3)
  Terence (D:2)
  7 gnolls
  An adder (D:3)
  2 worms (D:3)
  A dart slug (D:1)
  4 orcs
  7 endoplasms
  3 giant cockroaches
  10 goblins
  11 hobgoblins
  6 jackals
  2 kobolds
  4 quokkas
  7 ball pythons
  A ball python skeleton (D:3)
  7 bats
  4 frilled lizards
  7 rats
90 creatures vanquished.

Notes
Turn   | Place    | Note
-------+----------+-------------------------------------------
     0 | D:1      | ProzacElf the Palentonga Fighter began the quest for the
                  | Orb.
     0 | D:1      | Reached XP level 1. HP: 19/19 MP: 1/1
   531 | D:1      | Reached XP level 2. HP: 25/25 MP: 2/2
  1140 | D:1      | Reached XP level 3. HP: 31/31 MP: 3/3
  1423 | D:2      | Noticed Jessica
  1433 | D:2      | Killed Jessica
  1434 | D:2      | Reached skill level 3 in Long Blades
  1583 | D:2      | Noticed Terence
  1595 | D:2      | Killed Terence
  1596 | D:2      | Reached skill level 1 in Stealth
  1596 | D:2      | Reached XP level 4. HP: 30/37 MP: 4/4
  1859 | D:2      | Reached XP level 5. HP: 18/43 MP: 5/5
  2399 | D:2      | Found a runed translucent door.
  2400 | D:2      | Noticed Crazy Yiuf
  2409 | D:2      | Killed Crazy Yiuf
  2410 | D:2      | Reached skill level 4 in Long Blades
  2636 | D:3      | Learned a level 1 spell: Apportation
  2916 | D:3      | Found a faded altar of an unknown god.
  2920 | D:3      | Prayed at the altar of an unknown god.
  2920 | D:3      | Became a worshipper of Trog the Wrathful
  2920 | D:3      | Reached * piety under Trog
  2989 | D:3      | Reached skill level 5 in Long Blades
  3067 | D:3      | Noticed a centaur
  3077 | D:3      | Killed a centaur
  3078 | D:3      | Reached skill level 1 in Dodging
  3078 | D:3      | Reached skill level 1 in Evocations
  3078 | D:3      | Reached XP level 6. HP: 40/50 MP: 6/6
  3426 | D:4      | Reached ** piety under Trog
  3712 | D:4      | HP: 1/50 [ogre (15)]
  3713 | D:4      | Demolished by an ogre

Illustrated notes

Levels and vault maps discovered:
D:1:      evilmike_arrival_home_sweet_home, layout_loops_ring,
          minmay_small_reverse_x
D:2:      layout_basic, uniq_crazy_yiuf_cottage, uniq_terence, uniq_jessica
D:3:      layout_rooms, ebering_ecumenical_altar_box, minmay_divided_ellipse
D:4:      layout_rooms

Skill      XL: |  1  2  3  4  5 |
---------------+----------------+-----
Armour         | 3 |  3.0
Long Blades    | 3 5 |  5.0
Stealth        | 1 2 |  2.0
Dodging        | 1 |  1.7
Evocations     | 1 |  1.9
Fighting       | |  3.0
Shields        | |  2.4

Action                   |  1- 3 |  4- 6 || total
-------------------------+-------+-------++-------
Melee: Long sword        |    18 |       ||    18
       Dagger            |    63 |   191 ||   254
       Tailslap          |    11 |    29 ||    40
 Abil: Rolling Charge    |       |     1 ||     1
Armor: Scale mail        |    34 |       ||    34
       Chain mail        |       |    94 ||    94
Dodge: Dodged            |    27 |    34 ||    61
Block: Buckler           |    12 |    34 ||    46
